 Dungeon Crawl Stone Soup version 0.30-b1-2-g02819fbbbe (webtiles) character file.

Game seed: 271172378081773160

28 Flugkiller the Shield-Bearer (level 2, -1/27 HPs)
             Began as a Minotaur Fighter on May 7, 2023.
             Succumbed to an adder's poison
             ... on level 2 of the Dungeon.
             The game lasted 00:00:17 (543 turns).

Flugkiller the Shield-Bearer (Minotaur Fighter)      Turns: 543, Time: 00:00:18

Health: -1/27      AC:  7    Str: 20    XL:     2   Next: 96%
Magic:  1/1        EV:  9    Int:  5    God:
Gold:   47         SH:  4    Dex:  9    Spells: 1/1 levels left

rFire   . . .        a - +0 war axe
rCold   . . .        c - +0 buckler
rNeg    . . .        b - +0 scale mail
rPois   .            (helmet restricted)
rElec   .            (no cloak)
rCorr   .            (no gloves)
SInv    .            (no boots)
Will    .....        (no amulet) Stlth
                     (no ring)
HPRegen 0.24/turn    (no ring)
MPRegen 0.07/turn

%: no passive effects
@: lethally poisoned (-1 -> -4)
A: horns 2, retaliatory headbutt
a: no special abilities


You were on level 2 of the Dungeon.
You visited 1 branch of the dungeon, and saw 2 of its levels.

You collected 47 gold pieces.

Inventory:

Hand Weapons
 a - a +0 war axe (weapon)
Armour
 b - a +0 scale mail (worn)
 c - a +0 buckler (worn)
Scrolls
 g - a scroll of immolation {unknown}
 h - 2 scrolls of identify {unknown}
Potions
 d - a potion of might
 e - a potion of curing {unknown}
 f - a potion of berserk rage {unknown}


   Skills:
 + Level 4.0 Fighting
 * Level 3.2 Axes
 + Level 3.9 Armour
 + Level 4.0 Shields


You had one spell level left.
You didn't know any spells.
Your spell library was empty.

Dungeon Overview and Level Annotations

Branches:
Dungeon (2/15)

Altars:


Innate Abilities, Weirdness & Mutations

You have a pair of horns on your head.
You reflexively headbutt those who attack you in melee.


Message History

The jackal bites you but does no damage.
You closely miss the jackal. Your headbutt misses the jackal.
The jackal is severely wounded.
The jackal closely misses you. You furiously retaliate!
You headbutt the jackal!
You kill the jackal!
You closely miss the jackal. Your headbutt misses the jackal.
The jackal closely misses you. You furiously retaliate!
You headbutt the jackal!
You kill the jackal!
The jackal barely misses you.
You closely miss the jackal.
The jackal stops to sniff the ground.
You block the jackal's attack.
The jackal bites you but does no damage.
You closely miss the jackal. Your headbutt misses the jackal.
The jackal bites you but does no damage.
The jackal closely misses you. You furiously retaliate!
You headbutt the jackal!
You kill the jackal!
Your Shields skill increases to level 4!
HP restored.
You see here a jackal corpse.
Found a stone staircase leading up.
There is a stone staircase leading up here.
You open the door.
A rat and an adder come into view.
The adder hisses angrily.
There are monsters nearby!
There is an open door here.
You hit the adder but do no damage. The adder bites you but does no damage.
You barely miss the adder.
The adder bites you but does no damage. x2
You hit the adder but do no damage. You closely miss the rat.
The adder completely misses you. The rat bites you.
The adder bites you but does no damage. You block the rat's attack.
You closely miss the adder. You closely miss the rat.
The adder closely misses you. The rat closely misses you.
The adder bites you but does no damage.
You barely miss the adder. You headbutt the adder.
The adder is lightly wounded.
You hit the rat but do no damage. The adder barely misses you.
The rat bites you but does no damage. The adder bites you.
You miss the adder. You headbutt the adder!
The adder is almost dead.
You slash the rat!
You kill the rat!
The adder barely misses you.
Your Fighting skill increases to level 4!
You closely miss the adder.
The adder is almost dead.
The adder bites you. The adder barely misses you.
You miss the adder. Your headbutt misses the adder.
The adder is almost dead.
The adder bites you. The adder bites you but does no damage.
You closely miss the adder. Your headbutt misses the adder.
The adder is almost dead.
The adder bites you but does no damage. The adder bites you.
You barely miss the adder.
The adder is almost dead.
The adder closely misses you. The adder bites you but does no damage.
An adder is nearby!
An adder is nearby!
Unknown command.
You closely miss the adder. Your headbutt misses the adder.
The adder is almost dead.
You block the adder's attack.
You closely miss the adder.
The adder is severely wounded.
The adder bites you.
You are poisoned.
The adder poisons you! The adder bites you but does no damage.
You barely miss the adder.
The adder is severely wounded.
You feel sick. The adder bites you.
You are more poisoned.
The adder poisons you! The adder bites you.
You are too injured to fight recklessly!
You completely miss the adder. Your headbutt misses the adder.
The adder is severely wounded.
* * * LOW HITPOINT WARNING * * *
You feel very sick. The adder bites you.
* * * LOW HITPOINT WARNING * * *
The adder bites you.
* * * LOW HITPOINT WARNING * * *
You are too injured to fight recklessly!
You miss the adder.
The adder is severely wounded.
* * * LOW HITPOINT WARNING * * *
You feel sick. The adder bites you but does no damage.
You are too injured to fight recklessly!
You closely miss the adder.
The adder is severely wounded.
* * * LOW HITPOINT WARNING * * *
You feel sick. The adder closely misses you.
The adder bites you but does no damage.
Unknown command.
You hit the adder.
You kill the adder!
You die...

#..# ##.# #.# ##+#
#†# #...#
########.# .....#
#........#
......##.###.##.#
.......#.##...#.###
.......@.<.........
.......#.##.....###
......##.###.##.#
.....# #.# #.##.#
#...# #.# #.##.#
##+# #.. ... ### .#
.#


There were no monsters in sight!

Vanquished Creatures
  An adder (D:2)
  4 ball pythons (D:1)
  2 endoplasms (D:1)
  2 giant cockroaches (D:1)
  A goblin (D:1)
  A hobgoblin (D:1)
  9 jackals
  A frilled lizard (D:1)
  2 rats
23 creatures vanquished.

Notes
Turn   | Place    | Note
-------+----------+-------------------------------------------
     0 | D:1      | Flugkiller the Minotaur Fighter began the quest for the
                  | Orb.
     0 | D:1      | Reached XP level 1. HP: 19/19 MP: 0/0
    68 | D:1      | Reached XP level 2. HP: 27/27 MP: 1/1
   542 | D:2      | HP: 1/27 [poisoned by an adder]
   543 | D:2      | Succumbed to an adder's poison

Illustrated notes

Levels and vault maps discovered:
D:1:      dpeg_arrival_ternary, layout_basic, shapermc_ecumenical_altar_petra,
          st_stairs_7, hex_tiny
D:2:      layout_loops_corners, serial_bayou_crossing, uniq_terence

Skill      XL: |  1  2 |
---------------+-------+-----
Axes           | 3 |  3.2
Shields        | 4 |  4.0
Fighting       | 4 |  4.0
Armour         | |  3.9

Action                     || total
---------------------------++-------
  Melee: War axe           ||    46
         Headbutt          ||     5
 Armour: Scale mail        ||    22
  Dodge: Dodged            ||    25
  Block: Buckler           ||    11
